AoeStats
← aextropical#0420

Arabia

510329010Analyzed
1v1 RM · 21h ago on Sep 30, 2026· 49m 1s· 2 players
Game mode
Random Map
Map size
Tiny (2 player)
Population
200
Speed
Normal
Resources
Standard
Victory
Conquest
Starting age
Dark Age
Ending age
Imperial Age
RankedLock teamsTeams togetherTeam positionsShared explorationLock speedFull tech treeHidden civsTurbo modeCheats
Victory
Defeat
🇦🇺 Mongols · Australia
1041
+16
🇺🇸 Maya · United States
1038
-16
aextropical#0420
6:33 Loom
10:15 Feudal Age
11:30 Double-Bit Axe
14:27 Fletching
15:41 Padded Archer Armor
16:56 Horse Collar
24:42 Castle Age
26:28 Crossbowman
27:06 Gold Mining
27:37 Bow Saw
27:45 Squires
27:56 Pikeman
36:35 Murder Holes
40:27 Ballistics
42:05 Bodkin Arrow
42:13 Scale Mail Armor
46:04 Wheelbarrow
47:59 Forging
OceanKing
8:28 Feudal Age
7:39 Loom
22:42 Castle Age
21:37 Scale Barding Armor
22:54 Double-Bit Axe
24:03 Forging
28:07 Bow Saw
27:41 Horse Collar
28:30 Bloodlines
28:35 Husbandry
30:06 Heavy Plow
38:44 Gold Mining
40:02 Chain Barding Armor
41:42 Wheelbarrow
41:46 Iron Casting
42:40 Light Cavalry
47:06 Hand Cart
47:20 Stone Mining
Connection lost

Rejoining the realm…

Still unreachable

The connection could not be restored.

Session expired

The server has moved on; the page needs a fresh start.